 Dungeon Sprint DCSS version 0.31-a0-1-g4198be8af4 (webtiles) character file.

Game seed: 10841451418428050206

273 rocky1 the Ruffian (level 6, 0/85 HPs)
             Began as a Draconian Transmuter on May 2, 2023.
             Was a High Priest of Sif Muna.
             Slain by a hornet (12 damage)
             ... while paralysed by a hornet
             ... in the Dungeon (Sprint VII: "The Pits").
             The game lasted 00:02:02 (737 turns).

rocky1 the Ruffian (Draconian Transmuter)            Turns: 737, Time: 00:02:02

Health: 0/85       AC:  6    Str: 13    XL:     6   Next: 3%
Magic:  12/13      EV:  2    Int: 15    God:    Sif Muna [*****.]
Gold:   0          SH:  0    Dex: 11    Spells: 12/15 levels left

rFire   . .          .
                       - Unarmed
rCold   . . .        (no shield)
rNeg    . . .        (body armour unavailable)
rPois   .            (helmet restricted)
rElec   .            (no cloak)
rCorr   .            (no gloves)
SInv    .            (no boots)
Will    .....        (no amulet) Stlth
                     (no ring)
HPRegen 0.34/turn    (no ring)
MPRegen 0.13/turn

%: no teleportation
@: paralysed, berserking (expiring), lethally poisoned (0 -> -10), wereblooded
(expiring), slowed
A: AC +6, unfitting armour, cold-blooded
a: Renounce Religion, Channel Magic, Forget Spell, Divine Exegesis


You were in the Dungeon.
You worshipped Sif Muna.
Sif Muna was extremely pleased with you.
You visited 1 branch

Inventory:

Scrolls
 g - a scroll of blinking
 i - 5 scrolls of amnesia
 j - a scroll of butterflies
Potions
 a - a potion of lignification
 b - 4 potions of curing
 c - 5 potions of heal wounds
 d - a potion of haste
 e - 4 potions of magic
 f - 2 potions of berserk rage
 h - 2 potions of invisibility


   Skills:
 + Level 5.7 Fighting
 + Level 4.8 Dodging
 * Level 7.9 Unarmed Combat
 + Level 5.0 Spellcasting
 + Level 5.3 Transmutations


You had 12 spell levels left.
You knew the following spells:

 Your Spells              Type           Power      Damage    Failure   Level
a - Beastly Appendage     Tmut           38%        N/A       1%          1
b - Wereblood             Tmut           19%        N/A       2%          2

Your spell library contained the following spells:

 Spells                   Type           Power      Damage    Failure   Level
 Magic Dart               Conj           12%        1d3       16%         1
 Spider Form              Tmut/Pois      11%        N/A       16%         3
 Searing Ray              Conj           6%         2d4       24%         2
 Ice Form                 Ice/Tmut       11%        N/A       47%         4
 Fulminant Prism          Conj/Hex       1%         3d5       85%         4


Dungeon Overview and Level Annotations

Branches:
Dungeon (1/1)

Altars:
Ashenzari
Cheibriados
Dithmenos
Elyvilon
Fedhas
Gozag
Hepliaklqana
Kikubaaqudgha
Makhleb
Nemelex Xobeh
Okawaru
Qazlal
Ru
Sif Muna
Trog
Uskayaw
Vehumet
Wu Jian
Xom
Yredelemnul
Zin
The Shining One
Jiyva
Lugonu


Innate Abilities, Weirdness & Mutations

Your plain brown scales are hard. (AC +6)
You cannot fit into any form of body armour.
You are cold-blooded and may be slowed by cold attacks.


Message History

You feel as though you will be slow longer.
You hit the hornet.
The hornet is lightly wounded.
The hornet stings you!
You feel as though you will be slow longer.
The hornet stings you but does no damage.
You closely miss the hornet. Your kick misses the hornet.
Your punch misses the hornet.
The hornet is lightly wounded.
The hornet stings you.
* * * LOW HITPOINT WARNING * * *
You are poisoned.
You feel as though you will be slow longer.
The hornet closely misses you.
You feel better. The hornet stings you!
* * * LOW HITPOINT WARNING * * *
You feel as though you will be slow longer.
The hornet barely misses you.
Unknown command.
You feel much better. The hornet barely misses you. The hornet stings you.
You are poisoned.
You feel as though you will be slow longer.
A red film seems to cover your vision as you go berserk!
You feel yourself moving faster!
You feel mighty!
Your primal bloodlust is almost over.
You feel very sick. The hornet stings you!
You feel as though you will be slow longer.
The hornet stings you!
You feel as though you will be slow longer.
The hornet stings you!
You suddenly lose the ability to move!
You feel sick. The hornet stings you!
* * * LOW HITPOINT WARNING * * *
You are more poisoned.
You shrug off the repeated paralysis!
Your horns disappear.
Your talons disappear.
* * * LOW HITPOINT WARNING * * *
You feel very sick. The hornet stings you!
You die...

#.#...)))[.##.......#
#)###########.......#
#.......# #########
#...#...# #...#...#
#.##.##.#+#
#...#...#.+
#...#...#y#
#.......'@#
###########


You could see a hornet.

Vanquished Creatures
  An ogre (D)
  A wolf (D)
  A quasit (D)
  An orc wizard (D)
  A gnoll (D)
  An adder (D)
  A river rat (D)
  An adder zombie (D)
  An adder skeleton (D)
  5 orcs (D)
  A bat (D)
  A giant cockroach (D)
  3 jackals (D)
  2 kobolds (D)
  A quokka (D)
  A ball python skeleton (D)
23 creatures vanquished.

Notes
Turn   | Place    | Note
-------+----------+-------------------------------------------
     0 | D        | rocky1 the Draconian Transmuter began the quest for the
                  | Orb.
     0 | D        | Reached XP level 1. HP: 16/16 MP: 3/3
    45 | D        | Found a bloodstained altar of Trog.
    45 | D        | Found a shimmering blue altar of Sif Muna.
    45 | D        | Found a viscous altar of Jiyva.
    45 | D        | Found a hazy altar of Hepliaklqana.
    45 | D        | Found an opulent altar of Gozag.
    46 | D        | Found a glowing golden altar of the Shining One.
    46 | D        | Found a glowing silver altar of Zin.
    46 | D        | Found a basalt altar of Yredelemnul.
    46 | D        | Found a shimmering altar of Xom.
    46 | D        | Found an ornate altar of the Wu Jian Council.
    46 | D        | Found a sacrificial altar of Ru.
    46 | D        | Found a stormy altar of Qazlal.
    46 | D        | Found an iron altar of Okawaru.
    46 | D        | Found a sparkling altar of Nemelex Xobeh.
    46 | D        | Found a burning altar of Makhleb.
    46 | D        | Found a blossoming altar of Fedhas.
    46 | D        | Found a white marble altar of Elyvilon.
    46 | D        | Found a shadowy altar of Dithmenos.
    46 | D        | Found a snail-covered altar of Cheibriados.
    48 | D        | Found a radiant altar of Vehumet.
    48 | D        | Found a corrupted altar of Lugonu.
    49 | D        | Found a hide-covered altar of Uskayaw.
    49 | D        | Found an ancient bone altar of Kikubaaqudgha.
    49 | D        | Found a broken altar of Ashenzari.
    51 | D        | Became a worshipper of Sif Muna the Loreminder
    73 | D        | Reached * piety under Sif Muna
    74 | D        | Reached XP level 2. HP: 24/24 MP: 3/5
    83 | D        | Reached skill level 4 in Unarmed Combat
   211 | D        | Learned a level 2 spell: Wereblood
   216 | D        | Reached ** piety under Sif Muna
   222 | D        | Reached *** piety under Sif Muna
   481 | D        | Noticed an ogre
   481 | D        | Noticed a wolf
   488 | D        | Reached XP level 3. HP: 30/30 MP: 2/7
   493 | D        | Reached **** piety under Sif Muna
   504 | D        | Killed a wolf
   505 | D        | Reached skill level 6 in Unarmed Combat
   505 | D        | Reached XP level 4. HP: 25/40 MP: 1/10
   507 | D        | Killed an ogre
   507 | D        | Reached ***** piety under Sif Muna
   508 | D        | Reached skill level 5 in Fighting
   508 | D        | Reached skill level 7 in Unarmed Combat
   508 | D        | Reached skill level 5 in Transmutations
   508 | D        | Reached XP level 5. HP: 34/48 MP: 1/11
   526 | D        | Received a gift from Sif Muna
   722 | D        | Reached skill level 5 in Spellcasting
   722 | D        | Reached XP level 6. HP: 53/57 MP: 10/13
   724 | D        | Noticed a hornet
   735 | D        | Paralysed by a hornet for 3 turns
   737 | D        | Slain by a hornet

Illustrated notes

Levels and vault maps discovered:
D:        pitsprint [storerooms_1, entrance_room_1, metal_vault_5, armoury_2,
          mini_pit_1, grid_room_1, main_hall_1, silver_pit, the_coven_3,
          the_vestibule_1, steel_vault_4, golden_pit, hallway_of_sentries,
          crystal_vault_5, iron_vault_3, final_vault]

Skill      XL: |  1  2  3  4  5 |
---------------+----------------+-----
Dodging        | 2 3 4 |  4.8
Fighting       | 2 4 5 |  5.7
Unarmed Combat | 4 6 7 |  7.9
Transmutations | 3 4 5 |  5.3
Spellcasting   | 3 4 5 |  5.0

Action                     |  1- 3 |  4- 6 || total
---------------------------+-------+-------++-------
  Melee: Unarmed           |    48 |    35 ||    83
         Kick              |    18 |     5 ||    23
         Headbutt          |     9 |     6 ||    15
         Tailslap          |     4 |     5 ||     9
         Punch             |     1 |       ||     1
   Cast: Beastly Appendage |     7 |     2 ||     9
         Wereblood         |     3 |     1 ||     4
    Use: Potion            |       |     4 ||     4
 Armour: Skin              |    10 |     9 ||    19
  Dodge: Dodged            |    28 |    26 ||    54

Table legend: (Time is in decaauts)
 A = Elapsed time spent in this place.
 B = Non-inter-level travel time spent in this place.
 C = Inter-level travel time spent in this place.
 D = Time resting spent in this place.
 E = Time spent auto-exploring this place.
 F = Levels seen in this place.
 G = Mean time per level.
                   A        B        C        D        E       F      G
               +--------+--------+--------+--------+--------+-----+--------+
         Total |    732 |    720 |     12 |    499 |      0 |   1 |  732.0 |
       Dungeon |    732 |    720 |     12 |    499 |      0 |   1 |  732.0 |
               +--------+--------+--------+--------+--------+-----+--------+

Top non-repeatable levels by time:
       D: 732 daAuts
